 Dungeon Crawl Stone Soup version 0.29.1-12-g30fa7ad0bf (webtiles) character file.

Game seed: 12467021680081076266

2594 javelincjr the Thaumaturge (level 9, 0/42 HPs)
             Began as a Spriggan Conjurer on Jan 14, 2023.
             Hit by a javelin thrown by a centaur (18 damage)
             ... in a bailey on Jan 16, 2023.
             The game lasted 00:57:47 (9779 turns).

javelincjr the Thaumaturge (Spriggan Conjurer)      Turns: 9779, Time: 00:57:47

Health: 0/42       AC:  2    Str:  5    XL:     9   Next: 33%
Magic:  1/23       EV: 19    Int: 22    God:
Gold:   215        SH:  0    Dex: 13    Spells: 22/26 levels left

rFire   + + .      SeeInvis +   x - +5 dagger
rCold   x . .      Faith    .   (no shield)
rNeg    . . .      Spirit   .   a - +0 robe
rPois   .          Reflect  .   (helmet restricted)
rElec   .          Harm     .   (no cloak)
rCorr   .          Rampage  .   (gloves unavailable)
Will    +....                   (boots unavailable)
Stlth   +++.......              (no amulet)
HPRegen 0.14/turn               n - ring of protection from fire
MPRegen 0.18/turn               d - ring of fire

@: very quick
A: very small, no large weapons, unfitting armour, see invisible, speed 3
a: no special abilities


You were in a bailey.
You visited 1 branch of the dungeon, and saw 7 of its levels.
You also visited: Bailey.

You collected 215 gold pieces.

Inventory:

Hand Weapons
 g - a +0 sling
 h - a +0 dagger
 r - a +1 vampiric hand axe
 s - a +2 dagger of draining
 t - a +0 flail of protection
 w - a +0 arbalest
 x - a +5 dagger (weapon)
Missiles
 f - 4 boomerangs
 o - 74 stones
 v - 3 atropa-tipped darts
Armour
 a - a +0 robe (worn)
Magical Staves
 y - a staff of fire
Jewellery
 d - a ring of fire (right hand)
 n - a ring of protection from fire (left hand)
Wands
 l - a wand of roots (12)
 q - a wand of polymorph (12)
 u - a wand of charming (13)
Scrolls
 i - 3 scrolls of teleportation
 j - 2 scrolls of silence
 A - a scroll of identify
Potions
 b - 3 potions of magic
 c - 2 potions of degeneration {unknown}
 m - 5 potions of curing
 p - a potion of cancellation {unknown}
 z - a potion of flight {unknown}


   Skills:
 + Level 2.1 Fighting
 + Level 2.0 Axes
 + Level 3.6 Ranged Weapons
 + Level 5.5 Dodging
 + Level 5.2 Stealth
 + Level 0.1 Unarmed Combat
 + Level 9.4 Spellcasting
 + Level 6.2 Conjurations
 + Level 0.3 Summonings


You had 22 spell levels left.
You knew the following spells:

 Your Spells              Type           Power      Damage    Failure   Level
a - Magic Dart            Conj           100%       1d8       1%          1
b - Searing Ray           Conj           74%        2d7       1%          2
c - Summon Small Mammal   Summ           48%        N/A       5%          1

Your spell library contained the following spells:

 Spells                   Type           Power      Damage    Failure   Level
 Dazzling Flash           Conj/Hex       48%        N/A       5%          3
 Apportation              Tloc           20%        N/A       6%          1
 Freeze                   Ice            40%        1d6       6%          1
 Necrotise                Necr           40%        1d6       6%          1
 Frozen Ramparts          Ice            20%        1d4       19%         3
 Inner Flame              Hex/Fire       15%        N/A       19%         3
 Vampiric Draining        Necr           10%        2d6       19%         3
 Fulminant Prism          Conj/Hex       12%        3d9       19%         4
 Hailstorm                Conj/Ice       24%        3d7       19%         4
 Iskenderun's Mystic Bla  Conj/Tloc      24%        2d7       19%         4
 Cause Fear               Hex            5%         N/A       54%         4
 Agony                    Necr           10%        N/A       87%         5
 Discord                  Hex            5%         N/A       100%        8


Dungeon Overview and Level Annotations

Branches:
Dungeon (7/15)             Bailey (1/1)
 Temple: D:4-7

Altars:
Nemelex Xobeh
Trog
Xom


Innate Abilities, Weirdness & Mutations

You are very small and have problems with some larger weapons.
You are too small for most types of armour.
You have supernaturally acute eyesight. (SInv)
You cover ground extremely quickly. (Speed+++)


Message History

The magic dart hits the centaur.
The centaur is severely wounded.
Casting: Magic Dart (safe; 1% risk of failure)
Confirm with . or Enter, or press ? or * to list all spells.
Aiming: Magic Dart (safe; 1% risk of failure)
Press: ? - help, Shift-Dir - straight line, f/p - centaur
Aim: a centaur, wielding a +0 halberd, wearing a +0 chain mail and quivering javelins (severely wounded, 100% to hit)
The magic dart hits the centaur.
The centaur is severely wounded.
The centaur throws a javelin.
The javelin misses you.
Casting: Magic Dart (safe; 1% risk of failure)
Confirm with . or Enter, or press ? or * to list all spells.
Aiming: Magic Dart (safe; 1% risk of failure)
Press: ? - help, Shift-Dir - straight line, f/p - centaur
Aim: a centaur, wielding a +0 halberd, wearing a +0 chain mail and quivering javelins (severely wounded, 100% to hit)
The magic dart hits the centaur but does no damage.
The centaur is severely wounded.
Unknown command.
Casting: Magic Dart (safe; 1% risk of failure)
Confirm with . or Enter, or press ? or * to list all spells.
Aiming: Magic Dart (safe; 1% risk of failure)
Press: ? - help, Shift-Dir - straight line, f/p - centaur
Aim: a centaur, wielding a +0 halberd, wearing a +0 chain mail and quivering javelins (severely wounded, 100% to hit)
The magic dart hits the centaur but does no damage.
The centaur is severely wounded.
The centaur throws a javelin.
The javelin misses you.
Casting: Magic Dart (safe; 1% risk of failure)
Confirm with . or Enter, or press ? or * to list all spells.
Aiming: Magic Dart (safe; 1% risk of failure)
Press: ? - help, Shift-Dir - straight line, f/p - centaur
Aim: a centaur, wielding a +0 halberd, wearing a +0 chain mail and quivering javelins (severely wounded, 100% to hit)
The magic dart hits the centaur but does no damage.
The centaur is severely wounded.
The centaur throws a javelin.
The javelin pierces through you.
The centaur throws a javelin.
The javelin pierces through you!
* * * LOW HITPOINT WARNING * * *
You feel much better.
The centaur throws a javelin.
The javelin pierces through you!
The centaur throws a javelin.
The javelin pierces through you!!
You die...

...≈≈≈≈≈≈≈≈≈....#
..≈≈.......≈≈≈.⌠.#
≈...c≈≈≈≈≈≈≈..≈≈c.#
...≈≈≈.....≈≈≈.≈≈.#
..≈≈..≈≈≈≈≈..≈≈.≈.#
.≈≈.≈≈≈...≈≈≈.≈o≈≈.
.≈.≈≈..⌠.⌠..≈.≈≈.≈.
.≈.....∩∩∩..≈....≈.
.≈.≈≈..⌠.@..≈.≈≈.≈.
.≈≈.≈≈≈...≈≈≈.≈.≈≈.
..≈≈..≈≈≈≈≈).≈≈.≈.#
...≈≈≈...).≈≈≈.≈≈.#
≈....≈≈≈≈≈≈≈).≈≈..#
≈..≈≈....o).≈≈≈.⌠.#
≈...≈≈≈≈≈≈≈≈≈....##
≈........oo..#####
###+##########


You could see 2 centaurs and 4 orcs.

Vanquished Creatures
  2 water moccasins
  An orc warrior (D:7)
  2 ice beasts (D:6)
  A sky beast (D:6)
  4 black bears
  3 phantoms
  3 necrophages
  2 bullfrogs
  A gnoll sergeant (D:5)
  5 scorpions
  A howler monkey (D:6)
  3 hounds
  3 jellies
  A gnoll bouda (D:4)
  3 orc priests
  2 iguanas
  3 orc wizards
  7 adders
  6 gnolls
  A shadow imp (D:7)
  A white imp (D:6)
  An ufetubus (D:4)
  A worm (D:4)
  A dart slug (D:5)
  34 orcs
  12 endoplasms
  10 giant cockroaches
  6 hobgoblins
  10 jackals (D:1)
  4 quokkas
  7 ball pythons
  6 bats
  3 frilled lizards (D:1)
  16 goblins
  4 kobolds
  8 rats
178 creatures vanquished.

Vanquished Creatures (others)
  A plant (D:3)
1 creature vanquished.

Grand Total: 179 creatures vanquished

Notes
Turn   | Place    | Note
-------+----------+-------------------------------------------
     0 | D:1      | javelincjr the Spriggan Conjurer began the quest for the
                  | Orb.
     0 | D:1      | Reached XP level 1. HP: 9/9 MP: 5/5
     0 | D:1      | Noticed a jelly
     0 | D:1      | Noticed a jelly
     1 | D:1      | Found a runed translucent door.
   365 | D:1      | Reached XP level 2. HP: 13/13 MP: 1/6
   380 | D:1      | Learned a level 2 spell: Searing Ray
  1282 | D:1      | Reached XP level 3. HP: 16/16 MP: 8/8
  1508 | D:1      | Reached skill level 1 in Ranged Weapons
  1508 | D:1      | Reached skill level 3 in Spellcasting
  1512 | D:1      | Reached XP level 4. HP: 21/21 MP: 1/9
  2002 | D:2      | Found a faded altar of an unknown god.
  2148 | D:2      | Reached XP level 5. HP: 25/25 MP: 2/10
  3109 | D:3      | Noticed a phantom
  3791 | D:3      | Killed a phantom
  3792 | D:3      | Reached skill level 1 in Fighting
  4091 | D:3      | Reached XP level 6. HP: 30/30 MP: 8/12
  4421 | D:4      | Reached skill level 4 in Spellcasting
  4719 | D:4      | Reached XP level 7. HP: 25/33 MP: 10/15
  4819 | D:4      | Reached skill level 5 in Spellcasting
  4901 | D:4      | Learned a level 1 spell: Summon Small Mammal
  5195 | D:4      | Found a bloodstained altar of Trog.
  5230 | D:4      | Reached skill level 1 in Axes
  5747 | D:5      | Entered Level 5 of the Dungeon
  6081 | D:5      | Reached skill level 6 in Spellcasting
  6081 | D:5      | Reached skill level 5 in Conjurations
  6081 | D:5      | Reached XP level 8. HP: 37/38 MP: 8/18
  7405 | D:5      | Reached skill level 7 in Spellcasting
  7921 | D:6      | Reached skill level 5 in Dodging
  8226 | D:6      | Reached skill level 8 in Spellcasting
  8601 | D:6      | Reached XP level 9. HP: 40/42 MP: 12/22
  8722 | D:6      | Reached skill level 9 in Spellcasting
  9263 | D:7      | Reached skill level 5 in Stealth
  9379 | D:7      | Found a sparkling altar of Nemelex Xobeh.
  9506 | D:7      | Found a shimmering altar of Xom.
  9526 | D:7      | Found a flagged portal.
  9656 | Bailey   | Entered a bailey
  9779 | Bailey   | Hit by a javelin thrown by a centaur

Illustrated notes

Levels and vault maps discovered:
D:1:      dpeg_arrival_caged_fury, layout_basic
D:2:      layout_loops_ring, serial_forest, infiniplex_forest_corner_1,
          infiniplex_forest_clump_tiny, infiniplex_forest_straight_4,
          infiniplex_forest_lined_room_2, infiniplex_forest_clump_curved,
          infiniplex_forest_fountain, infiniplex_forest_lined_3_way,
          infiniplex_forest_zigzag_2, shapermc_ecumenical_altar_acropolis
D:3:      cheibrodos_old_hovel, layout_basic
D:4:      layout_cave_pools, mainiacjoe_overflow_brackets,
          minmay_strange_pillars
D:5:      layout_cave_pools
D:6:      layout_loops_corners
D:7:      layout_basic, nemelex_diamond_rough_becter,
          eat_drink_and_be_merry_uskayaw, general_overflow_altar,
          temple_doors_ab, enter_bailey_3, uniq_crazy_yiuf_cottage
Bailey:   bailey_polearm_flooded_kennysheep, bailey

Skill      XL: |  1  2  3  4  5  6  7  8  9 |
---------------+----------------------------+-----
Conjurations   | 3 4 5 6 |  6.2
Dodging        | 3 4 5 |  5.5
Ranged Weapons | 1 3 |  3.6
Spellcasting   | 3 4 6 8 9 |  9.4
Fighting       | 1 2 |  2.1
Stealth        | 4 5 |  5.2
Axes           | 1 2 |  2.0
Unarmed Combat | |  0.1
Summonings     | |  0.3

Action                   |  1- 3 |  4- 6 |  7- 9 || total
-------------------------+-------+-------+-------++-------
Melee: Unarmed           |    11 |       |       ||    11
       Punch             |     1 |       |       ||     1
       Hand axe          |       |    15 |     5 ||    20
 Fire: Sling             |    40 |    26 |       ||    66
 Cast: Magic Dart        |    25 |    52 |   124 ||   201
       Searing Ray       |    10 |    35 |    62 ||   107
       Summon Small Mamm |       |       |     2 ||     2
  Use: Scroll            |       |       |    11 ||    11
       Potion            |       |       |     2 ||     2
 Stab: Sleeping          |       |     2 |       ||     2
Armor: Robe              |     1 |     6 |     6 ||    13
Dodge: Dodged            |    28 |    37 |    75 ||   140
